 Dungeon Crawl Stone Soup version 0.26-a0-812-g31a745ddcd (webtiles) character file.

Game seed: 6633778184222026900

105 kae the Ruffian (level 4, 0/40 HPs)
             Began as a Troll Transmuter on Nov 16, 2020.
             Slain by Menkaure (21 damage)
             ... on level 4 of the Dungeon.
             The game lasted 00:00:48 (2134 turns).

kae the Ruffian (Troll Transmuter)                  Turns: 2134, Time: 00:00:48

Health: 0/40       AC:  6    Str: 19    XL:     4   Next: 54%
Magic:  3/4        EV: 10    Int:  9    God:
Gold:   146        SH:  0    Dex: 10    Spells: 4/5 levels left

rFire    . . .     SeeInvis .     - Unarmed
rCold    . . .     Faith    .   (no shield)
rNeg     . . .     Spirit   .   a - +0 robe
rPois    .         Reflect  .   (helmet currently unavailable)
rElec    .         Harm     .   (no cloak)
rCorr    .         Rampage  .   (gloves unavailable)
MR       .....                  (boots unavailable)
Stlth    +.........             (no amulet)
HPRegen  0.53/turn              (no ring)
MPRegen  0.09/turn              (no ring)

@: appendages (expiring)
A: large, unfitting armour, claws 3, horns 2, talons 2, regeneration 1, shaggy
fur 1, tough skin 3
a: End Transformation


You were on level 4 of the Dungeon.
You had grown temporary horns.
You had grown temporary talons.
You visited 1 branch of the dungeon, and saw 4 of its levels.

You collected 146 gold pieces.

Inventory:

Armour
 a - a +0 robe (worn)
Jewellery
 s - an uncursed ring of see invisible {unknown}
Wands
 l - a wand of disintegration (11)
Scrolls
 c - a scroll of magic mapping {unknown}
 d - 4 scrolls of identify {unknown}
 f - a scroll of teleportation {unknown}
 h - a scroll of immolation {unknown}
 i - a scroll of fog {unknown}
 j - a scroll of remove curse {unknown}
 m - a scroll of fear {unknown}
 o - a scroll of blinking {unknown}
 p - a scroll of amnesia {unknown}
Potions
 b - 2 potions of flight {unknown}
 e - a potion of haste {unknown}
 g - a potion of lignification {unknown}
 k - a potion of curing {unknown}
 n - 2 potions of degeneration {unknown}
 q - a potion of heal wounds {unknown}
 r - a potion of mutation {unknown}


   Skills:
 - Level 0.7 Fighting
 - Level 1.5 Dodging
 + Level 3.9 Unarmed Combat
 - Level 1.2 Spellcasting
 * Level 3.0 Transmutations


You had 4 spell levels left.
You knew the following spells:

 Your Spells              Type           Power        Failure   Level
a - Beastly Appendage     Tmut           #.....       11%         1

Your spell library contained the following spells:

 Spells                   Type           Power        Failure   Level
 Wereblood                Tmut           #.......     16%         2
 Spider Form              Tmut/Pois      #.........   50%         3
 Ice Form                 Ice/Tmut       #.......     88%         4
 Blade Hands              Tmut           #.........   96%         5


Dungeon Overview and Level Annotations

Branches:
Dungeon (4/15)
 Temple: D:4-7

Altars:
Cheibriados
Dithmenos
Qazlal
The Shining One

Annotations:
D:4 Menkaure


Innate Abilities, Weirdness & Mutations

You are too large for most types of armour.
You have claws for hands.
Your natural rate of healing is unusually fast.
You are covered in fur. (AC +1)
You have extremely tough skin. (AC +3)
You have a pair of horns on your head.
You have razor-sharp toenails.


Message History

You climb downwards.
Level annotation: Menkaure Menkaure mumbles some strange words.
Menkaure seems to speed up.
There is a stone staircase leading up here.
Your transformation is almost over.
You scratch Menkaure but do no damage. You headbutt Menkaure.
Menkaure is lightly damaged.
Menkaure calls on the powers of darkness!
Your body is wracked with pain!
You are too injured to fight recklessly!
You are too injured to fight recklessly!
You are too injured to fight recklessly!
You are too injured to fight recklessly!
You are too injured to fight recklessly!
You claw Menkaure! You claw Menkaure, but do no damage.
Menkaure is severely damaged.
Menkaure hits you!!
Ouch! That really hurt!
You die...

....... .......#
.......##......+
.....>?#.......#
.......#.......#
.......#.......##
.................
#................
......M@.<.......
..####......$....
#.[)........
#...........
###.........
#....♣♣♣♣# ##..♣♣
#.♣♣ .♣


You could see Menkaure (fast).

Vanquished Creatures
  4 adders (D:2)
  An ooze (D:2)
  A worm (D:2)
  A dart slug (D:1)
  A leopard gecko (D:3)
  8 orcs
  3 giant cockroaches
  A goblin (D:2)
  3 hobgoblins
  2 jackals (D:2)
  4 quokkas
  9 bats
  4 frilled lizards
  4 kobolds
  8 rats
54 creatures vanquished.

Notes
Turn   | Place    | Note
-------+----------+-------------------------------------------
     0 | D:1      | kae the Troll Transmuter began the quest for the Orb.
     0 | D:1      | Reached XP level 1. HP: 18/18 MP: 1/1
   229 | D:1      | Reached XP level 2. HP: 26/26 MP: 2/2
   687 | D:2      | Reached XP level 3. HP: 32/32 MP: 3/3
   895 | D:2      | Found a snail-covered altar of Cheibriados.
   970 | D:2      | Reached XP level 4. HP: 40/40 MP: 4/4
  1650 | D:3      | Found a stormy altar of Qazlal.
  1722 | D:3      | Found a shadowy altar of Dithmenos.
  1829 | D:3      | Found a glowing golden altar of the Shining One.
  2060 | D:4      | Noticed Menkaure
  2134 | D:4      | Slain by Menkaure

Illustrated notes

Levels and vault maps discovered:
D:1:      nicolae_arrival_memento_mori, layout_loops_ring,
          chequers_serial_rivers_micro_c
D:2:      layout_basic, cheibriados_altar_1
D:3:      layout_basic, lemuel_coloured_pillars_altar, lemuel_crystal_altar,
          lemuel_crystal_altar, hangedman_decor_growths, st_stairs_1
D:4:      layout_rooms, nicolae_overflow_crystal_walls, lemuel_doored_altar,
          serial_forest, infiniplex_forest_straight_2, infiniplex_forest_end_2,
          infiniplex_forest_lined_corner, infiniplex_forest_clump_diagonal,
          infiniplex_forest_clump_small, infiniplex_forest_lined_room_3,
          serial_shops, nicolae_shop_stone, ebering_ghost_rock_garden,
          uniq_pikel, uniq_duvessa, uniq_menkaure

Skill      XL: |  1  2  3  4 |
---------------+-------------+-----
Transmutations | 2 3 |  3.0
Fighting       | |  0.7
Dodging        | |  1.5
Unarmed Combat | |  3.9
Spellcasting   | |  1.2

Action                   |  1- 3 |  4- 6 || total
-------------------------+-------+-------++-------
Melee: Unarmed           |    70 |    66 ||   136
       Punch             |     3 |     2 ||     5
       Kick              |     1 |     2 ||     3
       Headbutt          |       |     1 ||     1
 Cast: Beastly Appendage |     2 |     6 ||     8
 Stab: Sleeping          |     1 |       ||     1
Armor: Robe              |    34 |    20 ||    54
Dodge: Dodged            |    42 |    35 ||    77

Table legend: (Time is in decaauts)
 A = Elapsed time spent in this place.
 B = Non-inter-level travel time spent in this place.
 C = Inter-level travel time spent in this place.
 D = Time resting spent in this place.
 E = Time spent auto-exploring this place.
 F = Levels seen in this place.
 G = Mean time per level.
                   A        B        C        D        E       F      G
               +--------+--------+--------+--------+--------+-----+--------+
         Total |   2124 |   2020 |    104 |     52 |   1644 |   4 |  531.0 |
       Dungeon |   2124 |   2020 |    104 |     52 |   1644 |   4 |  531.0 |
               +--------+--------+--------+--------+--------+-----+--------+

Top non-repeatable levels by time:
     D:3: 931 daAuts
     D:2: 597 daAuts
     D:1: 579 daAuts
     D:4: 16 daAuts
